 Dungeon Crawl Stone Soup version 0.27-a0-277-g024f7ef292 (webtiles) character file.

Game seed: 12973275186240382547

95 gimp the Digger (level 4, 0/28 HPs)
             Began as an Octopode Earth Elementalist on Feb 5, 2021.
             Slain by a gnoll
             ... wielding a +0 club
              (6 damage)
             ... on level 2 of the Dungeon.
             The game lasted 00:04:35 (2035 turns).

gimp the Digger (Octopode Earth Elementalist)       Turns: 2035, Time: 00:04:36

Health: 0/28       AC:  1    Str:  7    XL:     4   Next: 65%
Magic:  2/7        EV: 13    Int: 18    God:
Gold:   37         SH:  0    Dex: 12    Spells: 3/7 levels left

rFire    . . .     SeeInvis .   a - +0 dagger
rCold    . . .     Faith    .   (no shield)
rNeg     . . .     Spirit   .   (helmet restricted)
rPois    .         Reflect  .   (no amulet)
rElec    .         Harm     .   (no ring)
rCorr    .         Rampage  .   (no ring)
Will     .....                  (no ring)
Stlth    +++.......             (no ring)
HPRegen  0.09/turn              (no ring)
MPRegen  0.10/turn              (no ring)
                                (no ring)
                                (no ring)

@: no status effects
A: almost no armour, stealthy swim, amphibious, 8 rings, constrict 8, camouflage
1, gelatinous body 1
a: no special abilities


You were on level 2 of the Dungeon.
You visited 1 branch of the dungeon, and saw 2 of its levels.

You collected 37 gold pieces.

Inventory:

Hand Weapons
 a - a +0 dagger (weapon)
Missiles
 b - 18 stones
Scrolls
 c - 3 scrolls of identify {unknown}
 d - a scroll of noise {unknown}
 e - a scroll of random uselessness {unknown}
 f - 3 scrolls of remove curse {unknown}
 g - a scroll of fog {unknown}
Potions
 h - 2 potions of might {unknown}
 i - a potion of curing {unknown}


   Skills:
 - Level 1.0 Fighting
 - Level 2.0 Dodging
 - Level 2.6 Stealth
 + Level 2.3 Spellcasting
 * Level 1.6 Conjurations
 - Level 1.0 Transmutations
 * Level 4.4 Earth Magic


You had 3 spell levels left.
You knew the following spells:

 Your Spells              Type           Power        Failure   Level
a - Sandblast             Erth           36%          2%          1
b - Stone Arrow           Conj/Erth      26%          16%         3

Your spell library contained the following spells:

 Spells                   Type           Power        Failure   Level
 Passwall                 Tmut/Erth      9%           9%          2
 Petrify                  Tmut/Erth      11%          50%         4
 Lee's Rapid Deconstruct  Erth           9%           61%         5


Dungeon Overview and Level Annotations

Branches:
Dungeon (2/15)

Altars:
The Shining One


Innate Abilities, Weirdness & Mutations

You cannot wear most types of armour.
You are very stealthy in the water. (Stealth+)
You are amphibious.
You can wear up to eight rings at the same time.
You can use your tentacles to constrict eight enemies at once.
Your skin changes colour to match your surroundings (Stealth+).
Your rubbery body absorbs attacks. (AC +1, EV +1)


Message History

The gnoll hits you with a +0 club!
You take 7 damage, and have 13/28 hp.
MASSIVE DAMAGE!!
You now have 3/7 mp.
Casting: Sandblast (safe; 2% risk of failure)
Confirm with . or Enter, or press ? or * to list all spells.
Aiming: Sandblast (safe; 2% risk of failure)
Press: ? - help, Shift-Dir - straight line, f/p - gnoll
Aim: a gnoll, wielding a +0 club (heavily wounded, 18% to evade)
The blast of sand hits the gnoll.
The gnoll is almost dead.
The gnoll hits you with a +0 club!
* * * LOW HITPOINT WARNING * * *
You take 7 damage, and have 6/28 hp.
MASSIVE DAMAGE!!
You now have 2/7 mp.
There is an escape hatch in the ceiling here.
Casting: Sandblast (safe; 2% risk of failure)
Confirm with . or Enter, or press ? or * to list all spells.
Aiming: Sandblast (safe; 2% risk of failure)
Press: ? - help, Shift-Dir - straight line, f/p - gnoll
Aim: a gnoll, wielding a +0 club (almost dead, 18% to evade)
The blast of sand misses the gnoll. x2; The gnoll hits you with a +0 club.
You die...

######### # #.......# #
###.#####.# ### ..# #......##.#
###.. #.# #.#....##.######.#..
#.# #.#................. #.#
#.#....##.####.....# #.#
#.#@.#.##.# ##...## #.#
#.)g...##.# ##.### #####.#####
###g......# #.# # #.........#
#g####### #.# #.###.###.## #.#
##+## #.# #.†..#.# #.# ##...##
#.#######.## #.#### ##.....#
#.........# #.##)## ##.......
####....#.######.#...####........


You could see 3 gnolls.

Vanquished Creatures
  A gnoll (D:2)
  3 adders (D:2)
  An ooze (D:1)
  A worm (D:2)
  2 dart slugs
  2 leopard geckos (D:1)
  5 bats
  2 giant cockroaches (D:1)
  3 goblins (D:2)
  6 hobgoblins
  2 ball pythons
  5 frilled lizards
  8 kobolds
  8 rats
49 creatures vanquished.

Notes
Turn   | Place    | Note
-------+----------+-------------------------------------------
     0 | D:1      | gimp the Octopode Earth Elementalist began the quest for
                  | the Orb.
     0 | D:1      | Reached XP level 1. HP: 11/11 MP: 3/3
   210 | D:1      | Reached XP level 2. HP: 18/18 MP: 1/5
   442 | D:1      | Reached skill level 1 in Fighting
   658 | D:1      | Reached XP level 3. HP: 23/23 MP: 3/6
   662 | D:1      | Learned a level 3 spell: Stone Arrow
   860 | D:1      | Reached skill level 4 in Earth Magic
  1417 | D:2      | Found a glowing golden altar of the Shining One.
  1728 | D:2      | Reached skill level 1 in Conjurations
  1728 | D:2      | Reached XP level 4. HP: 28/28 MP: 3/7
  2035 | D:2      | Slain by a gnoll

Illustrated notes

Levels and vault maps discovered:
D:1:      ncdulo_wetmaze, layout_loops_ring, serial_park_tiny_pond
D:2:      layout_loops_corners, lemuel_round_altar

Skill      XL: |  1  2  3 |
---------------+----------+-----
Fighting       | 1 |  1.0
Earth Magic    | 4 |  4.4
Conjurations   | 1 |  1.6
Dodging        | |  2.0
Stealth        | |  2.6
Spellcasting   | |  2.3
Transmutations | |  1.0

Action                   |  1- 3 |  4- 6 || total
-------------------------+-------+-------++-------
Melee: Dagger            |    27 |     8 ||    35
       Constrict         |     7 |     2 ||     9
       Tentacles         |     3 |     1 ||     4
 Cast: Sandblast         |    40 |    14 ||    54
 Stab: Sleeping          |     4 |       ||     4
Armor: Skin              |     3 |     2 ||     5
Dodge: Dodged            |    16 |     5 ||    21

Table legend: (Time is in decaauts)
 A = Elapsed time spent in this place.
 B = Non-inter-level travel time spent in this place.
 C = Inter-level travel time spent in this place.
 D = Time resting spent in this place.
 E = Time spent auto-exploring this place.
 F = Levels seen in this place.
 G = Mean time per level.
                   A        B        C        D        E       F      G
               +--------+--------+--------+--------+--------+-----+--------+
         Total |   2034 |   2013 |     21 |      0 |   1703 |   2 | 1017.0 |
       Dungeon |   2034 |   2013 |     21 |      0 |   1703 |   2 | 1017.0 |
               +--------+--------+--------+--------+--------+-----+--------+

Top non-repeatable levels by time:
     D:2: 1018 daAuts
     D:1: 1015 daAuts
